 Dungeon Crawl Stone Soup version 0.24.0-13-gcf9b319 (webtiles) character file.

Game seed: 14476706268565343289, levelgen mode: deterministic

228 Fortress the Chucker (level 6, -4/61 HPs)
             Began as an Ogre Hunter on Jan 5, 2020.
             Killed from afar by an orc wizard (5 damage)
             ... with a magic dart
             ... on level 2 of the Dungeon.
             The game lasted 00:09:09 (2134 turns).

Fortress the Chucker (Ogre Hunter)                  Turns: 2134, Time: 00:09:09

Health: -4/61      AC:  3    Str: 19    XL:     6   Next: 2%
Magic:  6/6        EV: 10    Int: 12    God:
Gold:   86         SH:  0    Dex:  9    Spells: 5/5 levels left

rFire    . . .     SeeInvis .   a - +0 short sword
rCold    . . .     Gourm    .   (no shield)
rNeg     . . .     Faith    .   b - +0 robe
rPois    .         Spirit   .   (helmet restricted)
rElec    .         Reflect  .   (no cloak)
rCorr    .         Harm     .   (gloves unavailable)
MR       .....                  (boots unavailable)
Stlth    +.........             (no amulet)
HPRegen  0.20/turn              (no ring)
MPRegen  0.10/turn              (no ring)

@: slowed, very slow
A: large, unfitting armour, tough skin 1
a: no special abilities


You were on level 2 of the Dungeon.
You were hungry.

You visited 1 branch of the dungeon, and saw 3 of its levels.

You collected 86 gold pieces.

Inventory:

Hand Weapons
 a - a +0 short sword (weapon)
Missiles
 d - a throwing net (quivered)
 i - 22 poisoned darts
Armour
 b - a +0 robe (worn)
Scrolls
 j - a scroll of identify {unknown}
 k - a scroll of amnesia {unknown}
 m - 4 scrolls of teleportation {unknown}
 n - 2 scrolls of enchant armour {unknown}
 o - a scroll of remove curse {unknown}
Potions
 c - a potion of ambrosia {unknown}
 g - a potion of resistance {unknown}
 h - 2 potions of magic {unknown}
Comestibles
 f - 5 rations


   Skills:
 + Level 3.6 Fighting
 + Level 1.2 Short Blades
 + Level 6.2 Throwing
 - Level 2.4 Dodging
 - Level 0.6 Stealth


You had 5 spell levels left.
You didn't know any spells.
Your spell library was empty.

Dungeon Overview and Level Annotations

Branches:
Dungeon (3/15)

Altars:


Innate Abilities, Weirdness & Mutations

You are too large for most types of armour.
You have tough skin. (AC +1)


Message History

The orc wizard hits you with a +0 dagger.
* * * LOW HITPOINT WARNING * * *
The orc wizard casts a spell at you. The magic dart hits you!
* * * LOW HITPOINT WARNING * * *
The orc wizard hits you but does no damage.
The orc wizard gestures wildly while chanting.
The orc wizard blinks!
Throwing (i - inventory. (/) - cycle)
l - a large rock (quivered)
Press: ? - help, Shift-Dir - straight line, f/p - orc wizard
Aim: an orc wizard, wielding a +0 dagger and wearing a cursed -2 robe (severely wounded)
You throw a large rock.
The large rock barely misses the orc wizard.
The orc wizard hits you but does no damage.
The orc wizard mumbles some strange words.
The orc wizard seems to speed up.
The orc wizard hits you but does no damage.
The orc wizard gestures at you while chanting.
The magic dart hits you.
You die...

..##..........†## #...(.....#
#.##............# ##...######
.............#..# ##.##
..##.........#..# #...#
..##......§.....### #<..# #
..##..............# #...# #
.##.....#.#.#...#.######...######
.##.....#......o#.##...........##
.##.........#...@o.....(.........
###.....##.)#.###.##...........##
# #...............######...######
# ########.######## #...# # # #.#
#...# #.# #...# ###
#####.#############...## ..#
#.....##......#..).....#
#.####.######.###...........#


You could see 2 orc wizards.

Vanquished Creatures
  Sigmund (D:2)
  Terence (D:2)
  3 adders (D:2)
  A dart slug (D:1)
  2 leopard geckos
  2 bats
  A giant cockroach (D:1)
  8 hobgoblins
  2 frilled lizards
  3 goblins
  4 kobolds
  4 rats
32 creatures vanquished.

Notes
Turn   | Place    | Note
-------+----------+-------------------------------------------
     0 | D:1      | Fortress the Ogre Hunter began the quest for the Orb.
     0 | D:1      | Reached XP level 1. HP: 22/22 MP: 1/1
    82 | D:1      | Reached XP level 2. HP: 26/29 MP: 2/2
  1267 | D:2      | Noticed Terence
  1280 | D:2      | Killed Terence
  1280 | D:2      | Reached skill level 5 in Throwing
  1280 | D:2      | Reached XP level 3. HP: 21/37 MP: 3/3
  1391 | D:2      | Reached XP level 4. HP: 14/45 MP: 4/4
  1886 | D:2      | Noticed Sigmund
  1890 | D:2      | Killed Sigmund
  1890 | D:2      | Reached skill level 1 in Short Blades
  1890 | D:2      | Reached skill level 6 in Throwing
  1890 | D:2      | Reached XP level 5. HP: 40/53 MP: 5/5
  2025 | D:2      | Reached XP level 6. HP: 61/61 MP: 6/6
  2132 | D:2      | HP: 1/61 [orc wizard/magic dart (5)]
  2134 | D:2      | Killed from afar by an orc wizard

Levels and vault maps discovered:
D:1:      psy_arrival_heroes, layout_basic, nrook_uturn
D:2:      layout_loops_cross, first_ration, uniq_terence, uniq_sigmund
D:3:      layout_basic, grunt_temple_overflow_open, uniq_grinder

Skill      XL: |  1  2  3  4 |
---------------+-------------+-----
Fighting       | 3 |  3.6
Throwing       | 5 6 |  6.2
Dodging        | 2 |  2.4
Short Blades   | 1 |  1.2
Stealth        | |  0.6

Action                   |  1- 3 |  4- 6 || total
-------------------------+-------+-------++-------
Melee: Short sword       |    62 |    16 ||    78
Throw: Large rock        |    30 |    16 ||    46
       Throwing net      |     4 |       ||     4
       Dart              |     1 |       ||     1
  Use: Potion            |       |     2 ||     2
  Eat: Chunk             |     1 |     2 ||     3
Armor: Robe              |    26 |     7 ||    33
Dodge: Dodged            |    45 |    11 ||    56
